 Dungeon Crawl Stone Soup version 0.27-a0-1105-g946c659c87 (webtiles) character file.

Game seed: 3170262920125272091

25 1player the Sneak (level 3, -1/29 HPs)
             Began as a Human Delver on Apr 29, 2021.
             Slain by an iguana (11 damage)
             ... on level 3 of the Dungeon.
             The game lasted 00:02:42 (614 turns).

1player the Sneak (Human Delver)                     Turns: 614, Time: 00:02:43

Health: -1/29      AC:  4    Str: 12    XL:     3   Next: 20%
Magic:  0/3        EV: 12    Int: 10    God:
Gold:   28         SH:  0    Dex: 15    Spells: 2/2 levels left

rFire    . . .     SeeInvis .   a - +0 short sword
rCold    . . .     Faith    .   (no shield)
rNeg     . . .     Spirit   +   b - +0 leather armour
rPois    .         Reflect  .   (no helmet)
rElec    .         Harm     .   (no cloak)
rCorr    .         Rampage  .   h - +0 pair of gloves
Will     .....                  (no boots)
Stlth    +++.......             i - amulet of guardian spirit
HPRegen  0.09/turn              (no ring)
MPRegen  0.08/turn              (no ring)

@: no status effects
A: no striking features
a: no special abilities


You were on level 3 of the Dungeon.
You visited 1 branch of the dungeon, and saw 3 of its levels.

You collected 28 gold pieces.

Inventory:

Hand Weapons
 a - a +0 short sword (weapon)
 j - a +0 hunting sling
Armour
 b - a +0 leather armour (worn)
 h - a +0 pair of gloves (worn)
Jewellery
 i - an amulet of guardian spirit (around neck)
Wands
 g - a wand of digging (3)
Scrolls
 c - a scroll of fog
 d - a scroll of magic mapping
 e - a scroll of fear


   Skills:
 + Level 3.6 Fighting
 - Level 2.0 Short Blades
 + Level 2.8 Dodging
 - Level 5.0 Stealth


You had 2 spell levels left.
You didn't know any spells.
Your spell library was empty.

Dungeon Overview and Level Annotations

Branches:
Dungeon (5/15)
 Temple: D:4-7

Altars:

Shops:
D:5 *

Annotations:
D:4 Menkaure


Message History

The ball python barely misses you. The ball python grabs you.
The ball python constricts you. The ball python barely misses you.
The ball python constricts you.
The iguana hisses angrily.
You hit the ball python.
You kill the ball python!
The iguana bites you.
Found a stone staircase leading down.
You hit the iguana but do no damage. The iguana barely misses you.
You hit the iguana.
The iguana is lightly wounded.
The iguana closely misses you.
You hit the iguana but do no damage.
The iguana is lightly wounded.
The iguana barely misses you.
You closely miss the iguana.
The iguana is lightly wounded.
The iguana misses you.
You closely miss the iguana.
The iguana is lightly wounded.
The iguana misses you.
You closely miss the iguana.
The iguana is lightly wounded.
The iguana bites you but does no damage.
You hit the iguana but do no damage.
The iguana is lightly wounded.
The iguana bites you.
You hit the iguana but do no damage.
The iguana is lightly wounded.
The iguana bites you!
Press: ? - help, v - describe, . - travel
Here: an iguana (lightly wounded)
The floor.
The iguana hisses menacingly.
Okay, then.
The iguana bites you!
There is a stone staircase leading down here.
The iguana bites you!
You die...

###.### # #...# #.#
###### ###.######..#
.....# #..........
.....######.........#
.....##>............#
..............#..##
.....###...†#.##.###
.....#
#....#.##@..###
.....#
#....#..l>....#
##.###
#....########...#
#.## #...... #.. #..#
#....... # ##.#
#.....#. #.####
#....# ##.#.#


You could see an iguana.

Vanquished Creatures
  A hound skeleton (D:5)
  An adder (D:5)
  2 jackals (D:3)
  A ball python (D:3)
5 creatures vanquished.

Notes
Turn   | Place    | Note
-------+----------+-------------------------------------------
     0 | D:5      | 1player the Human Delver began the quest for the Orb.
     0 | D:5      | Reached XP level 1. HP: 18/18 MP: 1/1
    31 | D:5      | Reached XP level 2. HP: 21/24 MP: 2/2
    91 | D:5      | Found Dyinnule's Assorted Antiques.
   110 | D:5      | Noticed a wyvern
   203 | D:5      | Reached XP level 3. HP: 13/29 MP: 1/3
   336 | D:4      | Noticed Menkaure
   614 | D:3      | Slain by an iguana

Illustrated notes

Levels and vault maps discovered:
D:3:      layout_rooms, dancing_weapons_uskayaw, st_stairs_14,
          uniq_crazy_yiuf_cottage, uniq_robin
D:4:      layout_loops_ring, nicolae_hepliaklqana_monster_ancestors,
          minmay_door_square, serial_bayou_pond_e, uniq_menkaure
D:5:      layout_rooms, serial_shops, shop

Action                   || total
-------------------------++-------
Melee: Short sword       ||    45
  Use: Potion            ||     1
 Stab: Sleeping          ||     1
Armor: Leather armour    ||    13
Dodge: Dodged            ||    29

Table legend: (Time is in decaauts)
 A = Elapsed time spent in this place.
 B = Non-inter-level travel time spent in this place.
 C = Inter-level travel time spent in this place.
 D = Time resting spent in this place.
 E = Time spent auto-exploring this place.
 F = Levels seen in this place.
 G = Mean time per level.
                   A        B        C        D        E       F      G
               +--------+--------+--------+--------+--------+-----+--------+
         Total |    597 |    597 |      0 |    311 |      0 |   3 |  199.0 |
       Dungeon |    597 |    597 |      0 |    311 |      0 |   3 |  199.0 |
               +--------+--------+--------+--------+--------+-----+--------+

Top non-repeatable levels by time:
     D:5: 329 daAuts
     D:3: 266 daAuts
     D:4: 1 daAuts
